 Dungeon Crawl Stone Soup version 0.29.1-2-gbd0b4ee654 (webtiles) character file.

Game seed: 17640768306773176106

49 DildoBatman the Conjurer (level 4, -7/30 HPs)
             Began as a Formicid Conjurer on Nov 22, 2022.
             Mangled by Eustachio
             ... wielding a +4 rapier of distortion
              (9 damage)
             ... on level 4 of the Dungeon.
             The game lasted 00:02:08 (1041 turns).

DildoBatman the Conjurer (Formicid Conjurer)        Turns: 1041, Time: 00:02:08

Health: -7/30      AC:  6    Str: 12    XL:     4   Next: 1%
Magic:  6/7        EV: 12    Int: 19    God:
Gold:   107        SH:  0    Dex: 12    Spells: 4/7 levels left

rFire   . . .      SeeInvis +   a - +0 sling
rCold   . . .      Faith    .   (no shield)
rNeg    . . .      Spirit   .   e - +0 robe
rPois   .          Reflect  .   (helmet unavailable)
rElec   .          Harm     .   (no cloak)
rCorr   .          Rampage  .   (no gloves)
Will    .....                   (no boots)
Stlth   ++........              (no amulet)
HPRegen 0.10/turn               f - +4 ring of protection
MPRegen 0.10/turn               (no ring)

@: no status effects
A: permanent stasis, dig shafts and tunnels, antennae 3, four strong arms
a: Dig, Shaft Self


You were on level 4 of the Dungeon.
You visited 1 branch of the dungeon, and saw 3 of its levels.

You collected 107 gold pieces.

Inventory:

Hand Weapons
 a - a +0 sling (weapon)
Missiles
 g - 18 stones
 l - 5 poisoned darts
Armour
 e - a +0 robe (worn)
Jewellery
 f - a +4 ring of protection (left hand)
Scrolls
 c - a scroll of magic mapping {unknown}
 i - a scroll of identify {unknown}
 j - a scroll of teleportation {unknown}
 k - a scroll of noise {unknown}
 m - a scroll of fog {unknown}
Potions
 b - 2 potions of magic
 d - a potion of heal wounds {unknown}
 h - a potion of haste {unknown}
 n - a potion of attraction {unknown}


   Skills:
 - Level 1.7 Dodging
 - Level 2.4 Stealth
 - Level 2.1 Spellcasting
 * Level 4.8 Conjurations


You had 4 spell levels left.
You knew the following spells:

 Your Spells              Type           Power      Damage    Failure   Level
a - Searing Ray           Conj           40%        2d5       3%          2
c - Magic Dart            Conj           80%        1d7       2%          1

Your spell library contained the following spells:

 Spells                   Type           Power      Damage    Failure   Level
 Dazzling Flash           Conj/Hex       22%        N/A       19%         3
 Fulminant Prism          Conj/Hex       5%         3d7       52%         4
 Iskenderun's Mystic Bla  Conj/Tloc      11%        2d4       52%         4


Dungeon Overview and Level Annotations

Branches:
Dungeon (2/15)

Altars:

Shops:
D:1 [

Annotations:
D:4 Eustachio


Innate Abilities, Weirdness & Mutations

You cannot be hasted, slowed, berserked, paralysed or teleported.
You can dig through walls and to a lower floor.
You have a pair of large antennae on your head. (SInv)
Your four strong arms can wield two-handed weapons with a shield.


Message History

t - Shout!
Orders for allies: a - Attack new target. r - Retreat! s - Stop attacking. g - Guard the area. f - Follow me.
Anything else - Cancel.
You shout for attention!
A gnoll comes into view. It is wielding a +0 spear.
The gnoll hits you with a +0 club.
Unknown command.
What are your orders? t - Shout!
Orders for allies: a - Attack new target. r - Retreat! s - Stop attacking. g - Guard the area. f - Follow me.
Anything else - Cancel.
You shout for attention!
The gnoll hits you with a +0 club.
Eustachio hits you with a +4 rapier of distortion!
What are your orders? t - Shout!
Orders for allies: a - Attack new target. r - Retreat! s - Stop attacking. g - Guard the area. f - Follow me.
Anything else - Cancel.
You shout for attention!
You hear a shout!
Eustachio barely misses you.
The gnoll hits you from afar with a +0 spear.
The gnoll hits you with a +0 club. What are your orders? t - Shout!
Orders for allies: a - Attack new target. r - Retreat! s - Stop attacking. g - Guard the area. f - Follow me.
Anything else - Cancel.
You shout for attention!
The gnoll hits you with a +0 club! The gnoll closely misses you.
Eustachio hits you with a +4 rapier of distortion!
You die...

{ ### {{
.... {
...## #g.##
#g@# ##@..#
......# {
.........#
{
.......##.?
........# #
.........#
......#...#


You could see Eustachio and 2 gnolls.

Vanquished Creatures
  2 adders (D:2)
  A worm (D:2)
  A dart slug (D:1)
  4 ball pythons
  2 bats
  3 endoplasms (D:1)
  4 goblins
  A hobgoblin (D:1)
  A quokka (D:2)
  3 frilled lizards
  2 kobolds (D:1)
  A rat (D:1)
25 creatures vanquished.

Notes
Turn   | Place    | Note
-------+----------+-------------------------------------------
     0 | D:1      | DildoBatman the Formicid Conjurer began the quest for the
                  | Orb.
     0 | D:1      | Reached XP level 1. HP: 13/13 MP: 3/3
   240 | D:1      | Found Supoodaep's Antique Armour Boutique.
   287 | D:1      | Reached XP level 2. HP: 8/19 MP: 0/5
   290 | D:1      | Learned a level 2 spell: Searing Ray
   355 | D:1      | Reached skill level 4 in Conjurations
   732 | D:2      | Reached XP level 3. HP: 24/24 MP: 2/6
   888 | D:2      | Found a faded altar of an unknown god.
  1025 | D:2      | Reached XP level 4. HP: 30/30 MP: 5/7
  1027 | D:2      | You fall into a shaft and drop 2 floors!
  1037 | D:4      | Noticed Eustachio
  1041 | D:4      | Mangled by Eustachio

Illustrated notes

Levels and vault maps discovered:
D:1:      amcnicky_arrival_single_pillar, layout_loops_cross, serial_shops,
          nicolae_shop_statue_plus, hangedman_decor_clover_reticule
D:2:      layout_loops_ring, hellmonk_ecumenical_altar_run_dry
D:4:      layout_cave_pods, uniq_eustachio

Skill      XL: |  1  2 |
---------------+-------+-----
Conjurations   | 4 |  4.8
Dodging        | |  1.7
Stealth        | |  2.4
Spellcasting   | |  2.1

Action                   |  1- 3 |  4- 6 || total
-------------------------+-------+-------++-------
Melee: Club              |     5 |       ||     5
 Fire: Sling             |    62 |       ||    62
 Cast: Magic Dart        |    17 |       ||    17
       Searing Ray       |     2 |       ||     2
 Abil: Shaft Self        |       |     1 ||     1
Armor: Robe              |    12 |       ||    12
Dodge: Dodged            |    15 |     2 ||    17
